[Event "Arona Festival 2024"]
[Site "Arona Tenerife"]
[Date "2024.06.22"]
[Round "1.1"]
[White "Pichot, Alan"]
[Black "Rappazzo, Johannes"]
[Result "1-0"]
[ECO "B51"]
[WhiteElo "2640"]
[BlackElo "2169"]
[Annotator "TA"]
[PlyCount "49"]
[EventDate "2024.06.20"]
[EventType "swiss"]
[EventCountry "ESP"]
[SourceTitle "playchess.com"]
[Source "ChessBase"]
[SourceQuality "1"]
[TimeControl "5400+30"]

1. e4 c5 2. Nf3 d6 3. Bb5+ Nd7 4. Ba4 a6 5. c4 Ngf6 6. O-O g6 7. Nc3 Bg7 8. d3 {[%emt 0:00:28] The position is equal.} O-O 9. h3 b6 10. Be3 Bb7 11. Qd2 Qc7 12. Rab1 Rac8 13. Bh6 Rfd8 14. Bxg7 (14. Nh4 {with more complications.} b5 15. cxb5 axb5 16. Bxb5 d5 17. Rbe1) 14... Kxg7 15. Nh2 Ne5 (15... b5 $11 16. Bc2 (16. cxb5 d5 $11) 16... Nf8) 16. f4 $16 Nc6 17. Bxc6 Bxc6 18. f5 b5 19. Rbe1 Rb8 20. Rf3 bxc4 21. dxc4 Qb7 {[%emt 0:01:34] [#]} (21... Qd7 $16 22. b3 Ng8) 22. b3 $1 $18 ({Stronger than} 22. fxg6 Qxb2 (22... Bxe4 $2 23. Nxe4 Qxb2 24. Qxb2 $18) 23. Qf4 fxg6 $11) 22... Nxe4 $2 ({Reject} 22... Bxe4 23. Nxe4 Nxe4 24. Qb2+ f6 25. fxg6 (25. Qe2 gxf5 26. Rxf5 Ng5 $16)) (22... Rf8 23. Nd5 Ng8 24. Qb2+ f6) 23. Nxe4 {[%emt 0:00:17] White is clearly winning.} Bxe4 {[%emt 0:00:06] [#]} 24. f6+ $1 Kh8 25. fxe7 {[%emt 0:01:13] Weighted Error Value: White=0.08 (flawless) /Black=0.55.  Mistake:       	---       	Black=3      Inaccurate:     	White=2     	Black=4      OK:         	White=6     	Black=3} 1-0

[Event "Arona Festival 2024"]
[Site "Arona Tenerife"]
[Date "2024.06.22"]
[Round "1.2"]
[White "Mamani Beltran, Deniman"]
[Black "Albornoz Cabrera, Carlos Daniel"]
[Result "1/2-1/2"]
[ECO "B23"]
[WhiteElo "2162"]
[BlackElo "2614"]
[Annotator "TA"]
[PlyCount "115"]
[EventDate "2024.06.20"]
[EventType "swiss"]
[EventCountry "ESP"]
[SourceTitle "playchess.com"]
[Source "ChessBase"]
[SourceQuality "1"]
[TimeControl "5400+30"]

1. e4 c5 2. Nc3 d6 3. d4 cxd4 4. Qxd4 Nc6 5. Qd2 g6 6. b3 {[%emt 0:00:28] B23: Closed Sicilian: Lines without g3.} Bh6 7. f4 Nf6 8. Bb2 O-O 9. g3 a5 $146 ({Predecessor:} 9... Qa5 10. Bg2 Be6 11. O-O-O Rac8 12. Kb1 Bg7 13. Nge2 b5 14. h3 Nd7 15. Nd5 Qd8 16. Bxg7 Kxg7 {0-1 Lagarde,M (2600)-Firouzja,A (2682) FRA-ch rapid final 2019 (2.3)}) 10. Bg2 e5 11. Nge2 Bg4 12. O-O b5 13. h3 Bxe2 14. Nxe2 Rc8 15. Rad1 Re8 16. Rfe1 Qb6+ 17. Kh2 Nh5 18. Rf1 (18. Qxd6 Rcd8 19. Qa3 exf4 $19) 18... Nb4 (18... exf4 $11 19. gxf4 b4) 19. c3 $1 $14 Nc6 $1 20. Bc1 (20. Qxd6 $2 Rcd8 21. fxe5 Bf8 $19 (21... Rxd6 $2 22. exd6 Rd8 23. Ba3 $19) (21... Rxd6 $2 22. exd6 Rd8 23. Ba3 $19)) 20... exf4 21. Nxf4 Nxf4 22. gxf4 Bg7 23. Qd3 (23. Qxd6 Red8 (23... Bxc3 24. Qd3 $11) 24. Qa3 Bxc3 $19) 23... Red8 24. Be3 Qb8 25. Rc1 Ne7 26. c4 bxc4 27. bxc4 Qc7 28. Rf2 Nc6 29. Kh1 Nb4 30. Qf1 Rb8 31. Rd2 Na6 32. Rcd1 Nb4 33. Rc1 Qe7 34. Qf2 Na6 35. Bb6 Re8 36. Rcd1 Nc5 37. Bxc5 dxc5 38. e5 Qe6 39. Qxc5 Bh6 (39... Rbc8 $11 {might be stronger.} 40. Qe3 (40. Qxa5 Rxc4 41. Rd4 Rec8 $11) 40... Qxc4) 40. Rd6 ({Much weaker is} 40. Qxa5 Bxf4 (40... Qxc4 41. Rd4 $11) 41. Rf2 Qxc4 $11 (41... Bxe5 42. Rdf1 $11)) 40... Qf5 41. Rf6 (41. Qxa5 Bxf4 42. Qa4 Rxe5 $19 (42... Qxe5 43. R6d3 $17) (42... Bxe5 $2 43. Rf1 $19)) 41... Qc2 (41... Rb1 $1 $14 42. Rxf5 Rxd1+ 43. Kh2 gxf5) 42. Qd5 $16 Rf8 {[%emt 0:00:22] [#]} 43. e6 $1 fxe6 44. Qxe6+ (44. Rxe6 $16 Kh8 45. Re7) 44... Kh8 $11 45. Rxf8+ Rxf8 46. Rf1 Bg7 47. Qe4 Qxa2 48. c5 a4 49. f5 gxf5 50. Rxf5 Qa1+ 51. Bf1 Rg8 (51... Rxf5 {simplifies} 52. Qxf5 Qf6 53. Qxf6 Bxf6 54. Kg2 Bd4) 52. c6 a3 53. c7 a2 54. Qc4 Qc3 55. Qxa2 Qxc7 56. Rf7 Qc1 57. Qf2 Qc6+ 58. Qf3 1/2-1/2

[Event "Arona Festival 2024"]
[Site "Arona Tenerife"]
[Date "2024.06.22"]
[Round "1.3"]
[White "Kazakouski, Valery"]
[Black "Rempe, Jonas"]
[Result "1/2-1/2"]
[ECO "E71"]
[WhiteElo "2603"]
[BlackElo "2161"]
[Annotator "TA"]
[PlyCount "114"]
[EventDate "2024.06.20"]
[EventType "swiss"]
[EventCountry "ESP"]
[SourceTitle "playchess.com"]
[Source "ChessBase"]
[SourceQuality "1"]
[TimeControl "5400+30"]

1. d4 Nf6 2. c4 g6 3. Nc3 Bg7 4. e4 d6 5. h3 O-O 6. Be3 e5 7. d5 Ne8 8. g4 {[%emt 0:01:32] White is more active.} f5 (8... c6 $14 {was preferrable.}) 9. gxf5 gxf5 10. Nf3 (10. exf5 $16 {Nge2 is the strong threat.} Bxf5 11. Nge2) 10... f4 $11 11. Bd2 a5 12. a3 Na6 13. b4 axb4 ({Better is} 13... Bd7 $15 14. Na4 Nf6) 14. axb4 {[%emt 0:00:08] Black must now prevent b5.} Bd7 15. Qb1 Nf6 16. Be2 c5 (16... Qe8 $11 {keeps the balance.}) 17. dxc6 $1 $16 bxc6 18. c5 $1 Nxb4 19. Rxa8 $18 (19. cxd6 $2 Rxa1 (19... Nc2+ 20. Qxc2 Rxa1+ 21. Nd1 $17) 20. Bc4+ Kh8 21. Qxa1 Nc2+ 22. Ke2 Nxa1 $19) 19... Qxa8 20. Qxb4 Rb8 21. Qc4+ d5 22. exd5 (22. Qd3 $1 $18) 22... cxd5 $16 23. Qa2 Qxa2 24. Nxa2 Rb1+ {[%emt 0:01:11] [#]} 25. Nc1 (25. Bd1 $142 $1 Ne4 26. Rg1 (26. Nc3 Nxc3 27. Bxc3 d4 $16)) 25... Ne4 26. Rg1 Kf8 {[%emt 0:15:48] [#]} (26... Nxd2 $16 27. Kxd2 e4) 27. Rxg7 $1 Kxg7 28. Nxe5 Nxc5 29. Nxd7 (29. Bxf4 Bxh3 30. Ned3 Nb3 $16) 29... Nxd7 30. Bd3 (30. Bxf4 Kf6 31. Bd1 Nf8) 30... Rb8 31. Bxf4 {[%emt 0:00:10] A strong pair of Bishops.} Re8+ 32. Kf1 Nc5 33. Bc2 Kf6 34. Ne2 Rd8 35. Nd4 (35. Bxh7 Rh8) 35... Ne6 $2 (35... Rd7 {is more resistant.} 36. Nf3 Ne4) 36. Nxe6 $18 Kxe6 37. h4 Rc8 38. Bd3 (38. Bxh7 Rh8 $18) 38... Ra8 39. h5 (39. Bxh7 Rh8 $18) 39... Ra4 40. Be3 d4 41. Bd2 Ra7 42. h6 Kf6 43. Bb4 Ra8 44. Ke2 {[%emt 0:00:37][%cal Od3e4] Strongly threatening Be4!} (44. Bxh7 Rh8 $16) 44... Rb8 45. Bd2 Rb7 46. Be4 Rd7 47. Kd3 Ke5 48. f4+ Kf6 49. Bb4 (49. Kc4 $142 Ke6 50. Be1) 49... Ke6 50. Bc5 $2 (50. Kc4 {Be1 would now be deadly.} Ra7 51. Bc5 (51. Kxd4 Rd7+ 52. Ke3 Rc7 $18)) 50... Rf7 51. Bb4 $2 (51. Bxd4 Rxf4 52. Bxh7 Rxd4+ 53. Kxd4 Kf6 $18) ({White should play} 51. f5+ $18 Rxf5 52. Bxf5+ Kxf5 53. Kxd4 (53. Bxd4 Kg6 $18)) 51... Rxf4 $2 (51... Rd7 $1 $11 52. Kc4 Rd8) 52. Bxh7 $2 (52. Kxd4 $18 {Hoping for Bd2.} Kf6 53. Kd3) 52... Rh4 $11 {[%emt 0:01:06] The position is equal.} 53. Bf8 Kf7 54. Bg7 Rg4 55. Bxd4 Rxd4+ 56. Kxd4 {[%emt 0:00:09] White wants to mate with Ke5.} Kf6 57. Bf5 {[%emt 0:00:09] Threatening mate with Ke4.} Kf7 $1 {[%emt 0:00:02] Black escapes into a draw.   Weighted Error Value: White=0.58/Black=0.44.  Loses game:     	---       	Black=1      Missed win:     	White=1     	---        Mistake:       	White=4     	Black=6      Inaccurate:     	White=2     	Black=3      OK:         	White=12    	Black=10     Best:        	White=5     	Black=4      Strong:       	White=2     	Black=1} 1/2-1/2

[Event "Arona Festival 2024"]
[Site "Arona Tenerife"]
[Date "2024.06.22"]
[Round "1.4"]
[White "Cacciola, Alfredo"]
[Black "Gupta, Abhijeet"]
[Result "0-1"]
[ECO "B66"]
[WhiteElo "2159"]
[BlackElo "2589"]
[Annotator "TA"]
[PlyCount "99"]
[EventDate "2024.06.20"]
[EventType "swiss"]
[EventCountry "ESP"]
[SourceTitle "playchess.com"]
[Source "ChessBase"]
[SourceQuality "1"]
[TimeControl "5400+30"]

1. e4 c5 2. Nf3 d6 3. d4 cxd4 4. Nxd4 Nf6 5. Nc3 Nc6 6. Bg5 e6 7. Qd2 a6 8. O-O-O Bd7 9. Kb1 h6 10. Be3 b5 11. Nxc6 Bxc6 12. f3 Be7 13. Ne2 Qc7 14. Nd4 Bd7 {[%emt 0:00:15] White is slightly better.} 15. g4 Rc8 16. Rc1 e5 17. Nf5 Bxf5 18. gxf5 d5 19. exd5 Qd7 20. c4 O-O (20... bxc4 $142 21. Bxc4 O-O) 21. Ka1 (21. d6 $16 Bxd6 (21... Qxf5+ $2 22. Bd3 $18) 22. Rg1 bxc4 (22... Qxf5+ 23. Bd3 $18) 23. Bxh6 Qxf5+ 24. Ka1) 21... Kh7 (21... Bc5 $1 $11 {remains equal.}) 22. Rg1 $16 Rg8 23. Bd3 Bc5 {[%emt 0:01:14] [#]} (23... bxc4 $16 24. Bxc4 Rgd8) 24. Bxc5 ({White should try} 24. cxb5 $1 $18 Bxe3 25. Qxe3) 24... Rxc5 25. Qe3 Rgc8 26. cxb5 (26. Qxe5 $16 {[%cal Og1g7] aiming for Rxg7+!} bxc4 27. Be4) 26... Rxc1+ $14 27. Rxc1 Nxd5 (27... Rxc1+ 28. Qxc1 axb5 29. Qc5 $18) 28. Qe1 (28. f6+ $14 g6 29. Qe1 Rxc1+ (29... Nxf6 $2 30. Rxc8 e4 31. Rc3 $18) 30. Qxc1 axb5 (30... Nxf6 31. Qc4 $16) 31. Qc5) 28... Rxc1+ $11 (28... axb5 $6 29. Rxc8 Qxc8 30. Bxb5 $14) 29. Qxc1 {[%emt 0:00:03] [#] Black must now prevent f6+.} axb5 {[%emt 0:00:04][%mdl 4096] Endgame. KQB-KQN} 30. a3 Nf4 31. Be4 Ne2 32. f6+ Kg8 33. Qe1 Nd4 (33... Nf4 $11) 34. Qg3 $1 $16 g6 (34... Ne6 $16) 35. Qxe5 $18 {[%emt 0:01:53] And now Qe7 would win.} Nb3+ $2 (35... Ne6 {might work better.} 36. Qd5 Qc7 37. Qxb5 Qf4 38. Qe8+ Nf8) 36. Ka2 {[%emt 0:00:27] Threatening mate with Qb8+.} Nc1+ (36... Nd4 {was worth a try.} 37. Qe7 Qe6+ 38. Qxe6 Nxe6) 37. Kb1 {[%emt 0:00:36] White wants to mate with Qb8+.} Ne2 38. Qd5 Qh3 39. Bxg6 (39. Qxb5 $2 Qf1+ (39... Qxh2 40. Qe8+ Kh7 41. Qxf7+ Kh8 42. Qg7#) 40. Ka2 Nc3+ 41. bxc3 Qxb5 $19) 39... Qf1+ 40. Ka2 $2 ({White must play} 40. Kc2 $18 Qc1+ 41. Kb3 Qe3+ 42. Ka2) 40... Nc1+ $11 41. Kb1 Nb3+ 42. Ka2 (42. Kc2 $5 Na1+ $8 43. Kc3 Qc1+ 44. Kb4 Qxb2+ 45. Ka5 Nb3+ (45... Qxa3+ $2 {loses.} 46. Kb6 $18) 46. Kxb5 Qxf6 47. Be4 $11) 42... Nc1+ 43. Kb1 Nb3+ 44. Ka2 (44. Kc2 $5 Na1+ $8 45. Kc3 Qc1+ 46. Kb4 Qxb2+ 47. Kc5 Nb3+ (47... Qxf6 48. Be4 $11) (47... Qxa3+ $2 {perishes.} 48. Kb6 $18) 48. Kxb5 Nc1+ 49. Ka4 Qxf6 50. Be4 $11) 44... Nc1+ 45. Kb1 Nb3+ 46. Kc2 (46. Ka2 $5 Nc1+ $8 $11) 46... Na1+ 47. Kd2 Qg2+ 48. Kc3 Qxg6 49. Qd8+ Kh7 50. Qd1 $2 {[%emt 0:01:03][%mdl 8192] Dodges Qc2+. Quite a comeback for Black.   Weighted Error Value: White=0.31/Black=0.36.  Loses game:     	White=1     	Black=1      Missed win:     	---       	Black=1      Mistake:       	White=4     	Black=6      Inaccurate:     	---       	Black=5      OK:         	White=14    	Black=8      Best:        	White=6     	Black=8} (50. Qd3 $11 {and White stays safe.} Qxd3+ 51. Kxd3) 0-1

[Event "Arona Festival 2024"]
[Site "Arona Tenerife"]
[Date "2024.06.22"]
[Round "1.5"]
[White "Gorshtein, Ido"]
[Black "Gruzman, Ilya"]
[Result "1-0"]
[ECO "E16"]
[WhiteElo "2563"]
[BlackElo "2149"]
[Annotator "TA"]
[PlyCount "85"]
[EventDate "2024.06.20"]
[EventType "swiss"]
[EventCountry "ESP"]
[SourceTitle "playchess.com"]
[Source "ChessBase"]
[SourceQuality "1"]
[TimeControl "5400+30"]

1. d4 Nf6 2. c4 e6 3. Nf3 Bb4+ 4. Nbd2 b6 5. g3 Bb7 6. Bg2 O-O 7. O-O Bxd2 8. Qxd2 d6 9. b3 Nbd7 10. Bb2 Qe7 (10... Re8 $11 {remains equal.}) 11. Rad1 Be4 12. Bh3 {[%emt 0:05:36] White is better.} Rfd8 13. Ne1 (13. Nh4 $16) 13... c5 14. d5 Bf5 15. Bxf5 exf5 16. Ng2 a6 (16... Re8 $14) 17. Rfe1 (17. Nh4 $1 $16 ) 17... g6 18. f3 b5 19. h3 Ne5 20. g4 fxg4 21. hxg4 Ne8 (21... bxc4 $11 22. Qe3 Re8) 22. g5 $36 {[%emt 0:01:48][%mdl 2048] White has strong initiative.} f6 23. f4 {[%emt 0:00:26] Hoping for gxf6.} Nd7 24. gxf6 {[%emt 0:01:28] White is more active.} (24. e4 $16) 24... Nexf6 $2 {[%emt 0:00:48] [#]} (24... Qe4 $1 $11 {and Black is okay.}) 25. e4 $1 $18 Rf8 (25... bxc4 26. e5) 26. Qc3 b4 {[%emt 0:00:57] [#]} (26... Qg7 $16 27. e5 Nh5 28. exd6 Qxc3 29. Bxc3 Rf7) 27. Qh3 $1 Rae8 ({Reject} 27... Nxe4 28. Re2 $18 (28. Qe6+ Qxe6 29. dxe6 Ndf6 $18)) 28. e5 Nh5 29. e6 Nb6 30. Rf1 {[%emt 0:04:28] Strongly threatening f5.} Rf5 31. Rd3 Ref8 32. Rdf3 Nc8 33. Qg4 {[%emt 0:02:29] And now Ne3 would win.} Nf6 34. Qh3 {[%emt 0:02:13] Ne3 would now be deadly.} Nh5 35. R1f2 (35. Qh2 $18 {is more deadly.}) 35... a5 $2 (35... Ng7 $16 {is tougher.} 36. Ne3 Rh5) 36. Kf1 $2 (36. Ne3 Ng7 (36... Nxf4 $2 {perishes.} 37. Qxf5 gxf5 38. Rxf4 $18) 37. Nxf5 Nxf5 38. Rh2) 36... Nf6 (36... Ng7 37. Qg4 Rh5) 37. Nh4 {[%emt 0:04:25] White is clearly winning.} Rh5 38. Rg2 {[%emt 0:00:19][%cal Oh4g6] aiming for Nxg6!} Qg7 39. Rg5 {[%emt 0:02:37] Black must now prevent Rxh5.} Qh6 {[%emt 0:04:48] [#]} 40. e7 $1 Nxe7 41. Qe6+ Rf7 42. Bxf6 {[%emt 0:00:35] Rxh5 is the strong threat.} Rxh4 43. Bxe7 {[%emt 0:00:44] Weighted Error Value: White=0.56/Black=0.47.  Loses game:     	---       	Black=2      Missed win:     	White=1     	---        Mistake:       	White=4     	Black=5      Inaccurate:     	White=5     	Black=2      OK:         	White=9     	Black=6      Best:        	---       	Black=4      Strong:       	White=1     	---        Brilliant:      	White=1     	---} 1-0

[Event "Arona Festival 2024"]
[Site "Arona Tenerife"]
[Date "2024.06.22"]
[Round "1.6"]
[White "Hernandez Leon, Sergio"]
[Black "Peralta, Fernando"]
[Result "0-1"]
[ECO "C01"]
[WhiteElo "2144"]
[BlackElo "2562"]
[Annotator "TA"]
[PlyCount "87"]
[EventDate "2024.06.20"]
[EventType "swiss"]
[EventCountry "ESP"]
[SourceTitle "playchess.com"]
[Source "ChessBase"]
[SourceQuality "1"]
[TimeControl "5400+30"]

1. e4 e6 2. d4 d5 3. Bd3 dxe4 4. Bxe4 Nf6 5. Bf3 c5 6. Ne2 Be7 7. O-O Nc6 8. Be3 cxd4 {[%emt 0:00:25] The position is equal.} 9. Nxd4 Ne5 10. Nc3 O-O 11. Ndb5 (11. Qe2 $11) 11... a6 $15 12. Qxd8 Nxf3+ 13. gxf3 Rxd8 14. Nd4 e5 15. Nb3 Bf5 16. Bc5 Bxc5 17. Nxc5 b6 18. N5e4 Nh5 19. Rad1 Nf4 {[%emt 0:00:30] Inhibits Nd5.} 20. Rxd8+ Rxd8 21. Rd1 Rxd1+ 22. Nxd1 $17 {[%emt 0:00:13][%mdl 4096] Endgame. KBN-KNN} Be6 23. Ndc3 f5 24. Nd2 b5 25. b4 (25. Kf1 $15) 25... Kf7 {[%emt 0:01:58] Black is more active.} 26. a4 {[%emt 0:07:10] [#]} (26. Kf1 $17) 26... Bd7 (26... bxa4 $1 $19 {is more deadly. ...a3 is the strong threat.} 27. Nxa4 Nd5) 27. axb5 axb5 ({Much weaker is} 27... Bxb5 $6 28. Nxb5 axb5 29. c4 $11) 28. Nb3 Kf6 29. Kf1 Kg5 30. Nc5 Bc6 31. Ne2 (31. Na6 $17 {might work better.}) 31... Bxf3 $19 32. Nxf4 exf4 {[%emt 0:02:30] KB-KN} (32... Kxf4 33. Ne6+ Kg4 34. Nxg7 $17) 33. Ne6+ {[%emt 0:00:32] [#]} Kf6 $1 34. Nd4 Bd5 35. Ke1 Bc4 36. Kd2 $2 (36. h4) 36... g5 37. Kc3 g4 38. Nc6 h5 {[%emt 0:00:24] ( -> ...h4)} 39. Kd4 h4 {[%emt 0:00:13] Black mates.} 40. Ne5 h3 41. c3 {[%emt 0:01:38] [#]} g3 $1 42. fxg3 (42. Nxc4 gxh2) 42... fxg3 43. Nf3 Be2 44. Ng1 {[%emt 0:09:39] Weighted Error Value: White=0.55/Black=0.04 (flawless) .  Mistake:       	White=5     	Black=1      Inaccurate:     	White=1     	Black=1      OK:         	White=12    	Black=18     Best:        	---       	Black=2      Strong:       	---       	Black=1} 0-1

[Event "Arona Festival 2024"]
[Site "Arona Tenerife"]
[Date "2024.06.22"]
[Round "1.7"]
[White "Socko, Bartosz"]
[Black "Vega Gutierrez, Belinda"]
[Result "1-0"]
[ECO "D77"]
[WhiteElo "2556"]
[BlackElo "2135"]
[Annotator "TA"]
[PlyCount "37"]
[EventDate "2024.06.20"]
[EventType "swiss"]
[EventCountry "ESP"]
[SourceTitle "playchess.com"]
[Source "ChessBase"]
[SourceQuality "1"]
[TimeControl "5400+30"]

1. d4 d5 2. Nf3 Nf6 3. g3 g6 4. Bg2 Bg7 5. c4 dxc4 6. Na3 O-O 7. Nxc4 c5 8. O-O Nc6 9. dxc5 Be6 10. Nfe5 Qc7 {[%emt 0:05:39] [#] Threatens to win with ...Rad8. White is slightly better.} 11. Nxc6 Bxc4 $2 (11... bxc6 $16 {is tougher.} 12. Bf4 Qc8) 12. Bf4 $18 Qd7 13. Qxd7 Nxd7 14. Nxe7+ Kh8 15. Bxb7 Rae8 16. Bd6 Bxb2 17. Rab1 Ba3 18. Bc6 Rd8 {[%emt 0:04:54] [#]} (18... Bxc5 19. Bxc5 (19. Bxd7 Bxd6 20. Bxe8 Rxe8 $18) 19... Nxc5) 19. Bxd7 {[%emt 0:00:00] Black did not feel at home in the position after the opening.   Weighted Error Value: White=0.10 (very precise) /Black=0.90.  Loses game:     	---       	Black=1      Mistake:       	---       	Black=1      Inaccurate:     	---       	Black=1      OK:         	White=6     	Black=4      Best:        	White=2     	---} 1-0

[Event "Arona Festival 2024"]
[Site "Arona Tenerife"]
[Date "2024.06.22"]
[Round "1.8"]
[White "Prudhvi Kumar V"]
[Black "Sankalp Gupta"]
[Result "0-1"]
[ECO "A47"]
[WhiteElo "2102"]
[BlackElo "2552"]
[Annotator "TA"]
[PlyCount "133"]
[EventDate "2024.06.20"]
[EventType "swiss"]
[EventCountry "ESP"]
[SourceTitle "playchess.com"]
[Source "ChessBase"]
[SourceQuality "1"]
[TimeControl "5400+30"]

1. d4 Nf6 2. Nf3 e6 3. e3 b6 4. Bd3 c5 5. O-O Nc6 6. b3 Bb7 7. Bb2 Be7 8. a3 Qc7 9. Nbd2 O-O 10. Qe2 d6 11. c4 cxd4 12. exd4 d5 13. Rfe1 Rac8 14. Rac1 dxc4 15. bxc4 Qf4 $1 16. Bb1 Bd6 (16... Rfd8 $11) 17. d5 $1 $16 exd5 18. cxd5 Nb8 19. Rxc8 Bxc8 20. g3 Qh6 21. Ne4 (21. Bxf6 $16 Qxf6 22. Ne4) 21... Nxe4 $1 $14 22. Qxe4 f5 (22... Na6 $14) 23. Qe2 f4 24. Nd4 fxg3 25. hxg3 Bc5 26. Qe4 $1 Bd7 (26... Bh3 $16 {keeps fighting.}) 27. Re2 $1 $18 Qh3 (27... Qg6 $142 28. Qxg6 hxg6 29. Bxg6 Bg4) 28. Qe5 Qg4 29. Ne6 (29. Be4 $18 {Threatens to win with f3.} Bxd4 30. Qxd4) 29... Bxe6 $16 30. Qxe6+ (30. dxe6 $6 Nc6 31. Qc7 Nd4 32. Bxd4 Bxd4 $11) 30... Qxe6 31. dxe6 (31. Rxe6 $2 Rxf2 32. Bxh7+ Kxh7 $19) 31... Nc6 32. Ba2 Ne7 33. Rd2 $1 g5 34. Kg2 g4 35. a4 h5 36. Bb3 Kh7 37. Bc2+ Kh6 38. Be4 Kg5 39. Be5 ({Better is} 39. f4+ $16 gxf3+ 40. Bxf3) 39... Kh6 $2 (39... h4 $11) 40. Bf4+ $1 $18 Kg7 41. Be5+ $2 (41. Bg5 $1 $18) 41... Kh6 $14 42. Bf4+ $2 (42. Ba1 $14) 42... Kg7 $18 {[%emt 0:00:01] [#]} 43. Bg5 $1 a5 44. f4 $2 (44. Kf1 $18) 44... gxf3+ $11 45. Bxf3 Kg6 46. Bh4 Nf5 $2 ({Black should try} 46... Kh6 $14) 47. Be4 $18 Kh6 {[%emt 0:00:02] [#]} 48. Rd7 (48. Bxf5 $1 $18 {And now Be4 would win.} Rxf5 49. Re2) 48... Nxh4+ $14 49. gxh4 Rg8+ 50. Kf3 Rg7 51. Rd8 Re7 52. Bf5 Kg7 53. Kf4 Rc7 54. Rb8 Bd6+ 55. Kg5 Be7+ 56. Kf4 $1 (56. Kxh5 $2 {loses.} Rc4 57. Bg4 Rc5+ $19 (57... Rxa4 58. Rxb6 Re4 59. Rb5 $11) (57... Rxa4 58. Rxb6 Re4 59. Rb5 $15)) 56... Rc4+ 57. Ke5 Rc5+ 58. Ke4 Kf6 59. Bh7 $1 Re5+ (59... Kxe6 60. Rxb6+ Kf7 61. Rb7 $17) (59... Rc6 {with more complications.} 60. Rg8 Rc4+ 61. Kd5 Rc5+) 60. Kf3 Rxe6 61. Be4 Ke5 62. Bd3 Kd4 63. Bb5 Re3+ 64. Kg2 Bxh4 65. Rh8 Re5 66. Be8 (66. Rh6 $142) 66... Bf6 $17 67. Rf8 0-1

[Event "Arona Festival 2024"]
[Site "Arona Tenerife"]
[Date "2024.06.22"]
[Round "1.9"]
[White "Erdos, Viktor"]
[Black "Narva, Triin"]
[Result "1-0"]
[ECO "D43"]
[WhiteElo "2539"]
[BlackElo "2079"]
[Annotator "TA"]
[PlyCount "87"]
[EventDate "2024.06.20"]
[EventType "swiss"]
[EventCountry "ESP"]
[SourceTitle "playchess.com"]
[Source "ChessBase"]
[SourceQuality "1"]
[TimeControl "5400+30"]

1. Nf3 d5 2. d4 Nf6 3. c4 e6 4. Bg5 h6 5. Bxf6 Qxf6 6. Nc3 c6 7. Qb3 dxc4 8. Qxc4 Nd7 9. e3 Be7 {[%emt 0:13:28] D43: Semi-Slav: 5 Bg5 h6.} 10. Bd3 Bd8 $146 ({Predecessor:} 10... g6 11. O-O O-O 12. Rad1 e5 13. dxe5 Nxe5 14. Nxe5 Qxe5 15. Bxg6 Be6 16. Qe4 Qg5 17. Bh7+ {1-0 Ingersol,H (2130)-Hoffmann,F (2381) W-ch WS/M/161 email 2008}) 11. Ne4 Qe7 12. Ne5 Ba5+ 13. Ke2 Qb4 14. Qc2 Nxe5 15. dxe5 Bc7 $1 16. f4 O-O (16... Bd7 $14) 17. g4 Bd7 18. Nc5 (18. g5 $142 {Black must now prevent gxh6.} hxg5 19. Rag1 (19. Nxg5 Bxe5 20. Rag1 Bf6 $14)) 18... Be8 $18 19. a3 Qb6 20. Rad1 Bd8 21. h4 Be7 22. Na4 (22. b4 $16) 22... Qc7 $1 $14 23. g5 h5 (23... c5 $14) 24. Nc3 (24. Nc5 $16) 24... c5 ({Better is} 24... g6 $1 $14) 25. Ne4 (25. g6 $1 $16) 25... b5 $2 {[%emt 0:05:53] [#]} (25... Bc6 $14) 26. Nf6+ $1 $18 Kh8 (26... gxf6 27. gxf6 Kh8 28. Rdg1 $18 (28. fxe7 Rg8 $18)) 27. Be4 (27. Nxh5 f5 28. Ng3 c4 $14) 27... Rd8 28. Rxd8 (28. Nxh5 f5 29. Bf3 c4 $16) 28... Qxd8 29. Nxe8 (29. Nxh5 f5 30. Bf3 a5 $16) 29... Qxe8 30. g6 fxg6 31. Bxg6 Qc6 {[%emt 0:00:16] [#]} (31... Qd7 $142 32. Bxh5 Rd8) 32. Rg1 $1 $18 c4 (32... b4 $142 33. axb4 (33. Bxh5 Qb5+ 34. Kf3 c4 $16) 33... Rb8) 33. Bxh5 $18 Rf5 $2 (33... Qd5 34. Qg6 Qd3+ 35. Qxd3 cxd3+ 36. Kxd3 Kg8) 34. Bg6 (34. Bg4 $142) 34... Rf8 $18 35. h5 Bh4 $2 (35... Rd8 {is more resistant.} 36. Be4 Qe8) 36. Be4 Qc5 37. Rg4 (37. Rg6 Rxf4 38. Bf3 (38. exf4 $2 Qf2+ 39. Kd1 Qe1#) 38... Qxe5 $17) 37... Bd8 38. Qc1 a5 $2 (38... c3 39. Qxc3 (39. bxc3 Qc4+ 40. Bd3 Qa2+ 41. Qd2 Qd5 $18) 39... Qxc3 40. bxc3 Kg8) 39. Qg1 $18 Rf7 40. Rg6 c3 41. h6 (41. Rxe6 $2 Qc4+ (41... cxb2 $2 42. Qg6 $18) 42. Bd3 Qxe6 $19) 41... c2 42. Rxg7 (42. Rxe6 $2 Qc4+ (42... c1=R 43. Re8+) 43. Kd2 c1=Q+ (43... Qxe6 44. hxg7+ Rxg7 45. Qh1+ Kg8 46. Bd5 $19) 44. Qxc1 Qxe6 45. hxg7+ Kxg7 $19) (42. hxg7+ $142 Kg8 43. Rg4 (43. Rxe6 Qc4+ 44. Kf3 Rxg7 $18) 43... Qc4+ 44. Kf3 Qxe4+ 45. Kxe4) 42... Qc4+ (42... Qf8 $18 43. Qg6 (43. Bxc2 Rxg7 44. hxg7+ Qxg7 $18) 43... c1=N+ 44. Kd1 (44. Kf3 Rxg7 45. hxg7+ Qxg7 $18) 44... Rxg7 45. hxg7+ Qxg7 46. Qxe6 (46. Kxc1 Qxg6 47. Bxg6 Kg7 $18) 46... Nb3 47. Qh3+ (47. Qxb3 Qg1+ 48. Kc2 Qf2+ 49. Kb1 Qg1+ 50. Ka2 b4 $18) 47... Kg8 48. Bd5+ Kf8 49. Bxb3 Ke8) 43. Kf3 ({Weaker is} 43. Kd2 c1=Q+ 44. Qxc1 Qxe4 45. Rxf7 Qg2+ 46. Kc3 (46. Kd1 Qf3+ 47. Kc2 Qe4+ 48. Kd2 Qd5+ 49. Ke2 Qg2+ 50. Kd1 Qf3+ 51. Kc2 Qe4+ 52. Kd1 Qf3+ $11) 46... Qc6+ 47. Kd2 Qd5+ (47... Qg2+ 48. Ke1 $11) 48. Ke1 Qh1+ (48... Bh4+ 49. Ke2 $11) 49. Kd2 Qd5+ 50. Kc3 Qc6+ 51. Kd2 Qd5+ $11 (51... Qg2+ 52. Ke1 $11)) 43... Rxf4+ 44. Kxf4 1-0